 Dungeon Crawl Stone Soup version 0.31.0-9-g3a7656b989 (webtiles) character file.

Game seed: 4554389311013446482

78 qw the Shooter (level 4, -3/25 HPs)
             Began as a Deep Elf Hunter on Feb 2, 2024.
             Slain by a yak (14 damage)
             ... on level 4 of the Dungeon.
             The game lasted 00:00:06 (1688 turns).

qw the Shooter (Deep Elf Hunter)                    Turns: 1688, Time: 00:00:07

Health: -3/25      AC:  8    Str: 10    XL:     4   Next: 15%
Magic:  6/6        EV:  9    Int: 14    God:
Gold:   145        SH:  0    Dex: 18    Spells: 3/3 levels left

rFire   . . .        a - +1 shortbow
rCold   . . .        (shield currently unavailable)
rNeg    . . .        h - +0 scale mail
rPois   .            f - +0 helmet
rElec   .            d - +0 cloak
rCorr   .            (no gloves)
SInv    .            (no boots)
Will    .....        (no amulet)
Stlth   +            (no ring)
HPRegen 0.24/turn    (no ring)
MPRegen 0.10/turn

%: no passive effects
@: no status effects
A: no striking features
a: no special abilities


You were on level 4 of the Dungeon.
You visited 1 branch of the dungeon, and saw 4 of its levels.

You collected 145 gold pieces.


   Skills:
 - Level 1.5 Fighting
 + Level 7.6 Ranged Weapons
 - Level 2.4 Dodging
 - Level 1.2 Stealth


You had 3 spell levels left.
You didn't know any spells.
Your spell library was empty.

Inventory:

Hand Weapons
 a - a +1 shortbow (weapon)
Armour
 d - a +0 cloak (worn)
 f - a +0 helmet (worn)
 h - a +0 scale mail (worn)
Potions
 e - a potion of heal wounds
 i - a potion of enlightenment {unknown}
 j - a potion of curing

Dungeon Overview and Level Annotations

Branches:
Dungeon (4/15)
 Temple: D:4-7

Altars:
Xom


Message History

Done exploring.
1662 ||| DRINKING 2 golden potions.
It was a potion of curing.
You feel better.
Done exploring.
1663 ||| DROPPING scroll of fog.
You drop a scroll of fog.
Done exploring.
What level of the Dungeon? (default 3, ? - help)
Things that are here:
a +0 club; a goblin skeleton
There is a stone staircase leading down here.
You climb downwards.
The yak bellows! x3
There is a stone staircase leading up here.
There are monsters nearby!
Waypoint 3 assigned to D:4.
1681 ||| RETREEEEATING.
1682 ||| RETREEEEATING.
You shoot an arrow. The arrow hits the yak.
The yak is lightly wounded.
1684 ||| RETREEEEATING.
The yak closely misses you.
You shoot an arrow. The arrow hits the yak!
The yak is moderately wounded.
You hear a bellow!
The yak barely misses you.
You shoot an arrow. The arrow hits the yak!
The yak is heavily wounded.
You hear a bellow!
The yak barely misses you.
A yak comes into view.
The yak barely misses you.
1687 ||| RETREEEEATING.
The yak attacks as it pursues you! The yak barely misses you. x2
You shoot an arrow. The arrow hits the yak!
The yak is severely wounded.
You hear an angry hiss.
The yak gores you!
Ouch! That really hurt!
A ball python comes into view.
The yak gores you!
Ouch! That really hurt!
You die...

## ..
#######.#
#@Y..<..#
#Y#.....#
#YY.....#
###S....#
..##..#
Y... ..#
........#
.........#


You could see 4 yaks and a ball python.

Vanquished Creatures
  A gnoll (D:1)
  2 adders (D:2)
  A dart slug (D:2)
  4 endoplasms (D:2)
  A giant cockroach (D:2)
  7 goblins
  4 hobgoblins
  4 jackals
  3 quokkas
  7 ball pythons
  5 frilled lizards
  6 kobolds
  A rat (D:1)
  A butterfly (D:3)
47 creatures vanquished.

Notes
Turn   | Place    | Note
-------+----------+-------------------------------------------
     0 | D:1      | qw the Deep Elf Hunter began the quest for the Orb.
     0 | D:1      | Reached XP level 1. HP: 12/12 MP: 3/3
     0 | D:1      | 0 ||| qw: Version: 0.3-a-155-g5e7d8dd
     0 | D:1      | 0 ||| qw: Game counter: 2651
     0 | D:1      | 0 ||| qw: Melee chars always use a shield: true
     0 | D:1      | 0 ||| qw: God list: Okawaru
     0 | D:1      | 0 ||| qw: Allow faded altars: false
     0 | D:1      | 0 ||| qw: Do Orc after clearing Dungeon:15 true
     0 | D:1      | 0 ||| qw: Do second Lair branch before Depths: true
     0 | D:1      | 0 ||| qw: Lair rune preference: random
     0 | D:1      | 0 ||| qw: Goals: Normal
     0 | D:1      | 0 ||| PLANNING D:1-11
   232 | D:1      | Reached XP level 2. HP: 16/16 MP: 4/4
   233 | D:1      | Reached skill level 6 in Ranged Weapons
   627 | D:1      | 627 ||| UPGRADING to +0 cloak.
   632 | D:1      | 632 ||| UPGRADING to +0 helmet.
   637 | D:1      | 637 ||| READING scroll labelled UPSU EDWE MOKH.
   638 | D:1      | 638 ||| DROPPING scroll of butterflies.
   670 | D:2      | 670 ||| STAIRDANCE
   692 | D:2      | 692 ||| STAIRDANCE
   749 | D:2      | Reached XP level 3. HP: 18/20 MP: 5/5
   798 | D:2      | Reached skill level 7 in Ranged Weapons
   972 | D:2      | 972 ||| FLEEEEING.
  1052 | D:2      | Found a faded altar of an unknown god.
  1064 | D:2      | Reached XP level 4. HP: 25/25 MP: 6/6
  1117 | D:2      | 1117 ||| READING scroll of identify.
  1117 | D:2      | 1117 ||| IDENTIFYING sapphire potion
  1118 | D:2      | 1118 ||| READING scroll labelled FUANKO IDDUTS.
  1119 | D:2      | 1119 ||| READING scroll labelled AGHOECH LOXI.
  1151 | D:3      | Found a shimmering altar of Xom.
  1649 | D:3      | 1649 ||| UPGRADING to +0 scale mail.
  1659 | D:3      | 1659 ||| DROPPING +0 leather armour.
  1660 | D:3      | 1660 ||| READING scroll labelled UPLOYQ OBA.
  1660 | D:3      | 1660 ||| ENCHANTING +0 shortbow.
  1661 | D:3      | 1661 ||| READING 2 scrolls labelled JITOGAUMON.
  1662 | D:3      | 1662 ||| DRINKING 2 golden potions.
  1663 | D:3      | 1663 ||| DROPPING scroll of fog.
  1680 | D:4      | Noticed a yak
  1680 | D:4      | Noticed a yak
  1680 | D:4      | Noticed a yak
  1681 | D:4      | 1681 ||| RETREEEEATING.
  1682 | D:4      | 1682 ||| RETREEEEATING.
  1684 | D:4      | 1684 ||| RETREEEEATING.
  1686 | D:4      | Noticed a yak
  1687 | D:4      | 1687 ||| RETREEEEATING.
  1688 | D:4      | Slain by a yak

Levels and vault maps discovered:
D:1:      co_arrival_square_in_a_square_in_a_square, layout_rooms,
          serial_forest, infiniplex_forest_end_2, infiniplex_forest_clump_tiny,
          infiniplex_forest_clump_cross, infiniplex_forest_straight_2,
          infiniplex_forest_clump_long, infiniplex_forest_clump_small,
          infiniplex_forest_pool, infiniplex_forest_lined_room_2
D:2:      layout_rooms, shapermc_ecumenical_altar_mp_vishouse
D:3:      layout_rooms, xom_butterflies
D:4:      layout_basic, nicolae_eternal_life, hangedman_decor_points,
          minmay_hollow_rounded_squares

Skill      XL: |  1  2  3 |
---------------+----------+-----
Ranged Weapons | 6 7 |  7.6
Fighting       | |  1.5
Dodging        | |  2.4
Stealth        | |  1.2

Action                     |  1- 3 |  4- 6 || total
---------------------------+-------+-------++-------
   Fire: Shortbow          |   110 |    21 ||   131
    Use: Scroll            |     1 |     5 ||     6
         Potion            |       |     1 ||     1
 Armour: Leather armour    |    32 |       ||    32
         Scale mail        |       |     2 ||     2
  Dodge: Dodged            |    33 |     7 ||    40

Table legend:
 A = Non-vault XP
 B = Vault XP
 C = Vault XP percentage of total XP
 D = Non-vault monster count
 E = Vault monster count
 F = Vault count percentage of total count
                 A         B        C        D         E       F
            +---------+---------+-------+---------+---------+-------
      Total |     112 |       0 |   0.0 |      46 |       0 |   0.0
            +---------+---------+-------+---------+---------+-------
        D:1 |      35 |       0 |   0.0 |      14 |       0 |   0.0
        D:2 |      67 |       0 |   0.0 |      24 |       0 |   0.0
        D:3 |      10 |       0 |   0.0 |       8 |       0 |   0.0
            +---------+---------+-------+---------+---------+-------
